 Dungeon Crawl Stone Soup version 0.30-a0-711-gf4ac18a38d (webtiles) character file.

Game seed: 6578579666339986606

25424 Orangeyouglad the Cruncher (level 13, -4/96 HPs)
             Began as a Human Wanderer on Jan 22, 2023.
             Was an Elder of Sif Muna.
             Slain by a black mamba (13 damage)
             ... on level 4 of the Lair of Beasts on Jan 23, 2023.
             The game lasted 01:11:28 (22200 turns).

Orangeyouglad the Cruncher (Human Wanderer)        Turns: 22200, Time: 01:11:29

Health: -4/96      AC: 14    Str: 17    XL:     13   Next: 50%
Magic:  22/29      EV: 15    Int: 18    God:    Sif Muna [****..]
Gold:   1126       SH: 11    Dex: 19    Spells: 3/22 levels left

rFire   . . .      SeeInvis .    a - staff of conjuration
rCold   . . .      Faith    .    I - +0 buckler
rNeg    . . .      Spirit   .    D - +2 ring mail of Ekkefilaust {Str+2 Int+3}
rPois   .          Reflect  +    (no helmet)
rElec   .          Harm     .    V - +0 cloak
rCorr   .          Rampage  .    d - +1 pair of gloves
Will    .....                    s - +2 pair of boots {Stlth+}
Stlth   ++                       l - amulet of reflection
HPRegen 0.36/turn                g - ring of magical power
MPRegen 0.21/turn                z - +6 ring of dexterity

@: lethally poisoned (-4 -> -8), frozen, very slow
A: no striking features
a: Renounce Religion, Channel Magic, Forget Spell, Divine Exegesis


You were on level 4 of the Lair of Beasts.
You worshipped Sif Muna.
Sif Muna was greatly pleased with you.
You visited 3 branches of the dungeon, and saw 16 of its levels.
You also visited: Ossuary.

You collected 1156 gold pieces.
You spent 30 gold pieces at shops.

Inventory:

Missiles
 i - 41 poisoned darts
 C - a throwing net
Armour
 d - a +1 pair of gloves (worn)
 s - a +2 pair of boots of stealth (worn)
 v - an orb of energy
 D - the +2 ring mail of Ekkefilaust (worn) {Str+2 Int+3}
   (You found it on level 2 of the Lair of Beasts)

   Str:       It affects your strength (+2).
   Int:       It affects your intelligence (+3).
 I - a +0 buckler (worn)
 T - a +1 robe of cold resistance
 V - a +0 cloak (worn)
Magical Staves
 a - a staff of conjuration (weapon)
 b - a staff of earth
 S - a staff of poison
Jewellery
 g - a ring of magical power (left hand)
 l - an amulet of reflection (around neck)
 m - an amulet of faith
 p - a ring of resist corrosion
 u - an amulet of regeneration
 y - a +5 ring of evasion
 z - a +6 ring of dexterity (right hand)
 J - a ring of protection from cold
 M - a ring of poison resistance
 Q - an amulet of magic regeneration
 U - a ring of willpower
Wands
 K - a wand of light (9)
 X - a wand of flame (33)
Scrolls
 h - a scroll of poison
 k - 5 scrolls of vulnerability
 o - 2 scrolls of brand weapon
 t - 4 scrolls of immolation
 w - 13 scrolls of teleportation
 x - a scroll of torment
 L - 3 scrolls of enchant armour
 P - a scroll of amnesia {unknown}
 R - 3 scrolls of fear
 Y - a scroll of magic mapping
Potions
 c - 2 potions of brilliance
 e - a potion of berserk rage
 f - 9 potions of curing
 j - 2 potions of resistance
 n - 5 potions of attraction {unknown}
 q - a potion of might
 r - 2 potions of ambrosia
 A - a potion of magic {unknown}
 E - 2 potions of cancellation
 F - 2 potions of haste {unknown}
 G - 5 potions of degeneration {unknown}
 H - 3 potions of flight {unknown}
 N - 3 potions of lignification {unknown}
 O - 6 potions of heal wounds
 W - a potion of mutation {unknown}
Miscellaneous
 B - a piece from Xom's chessboard (15/15)


   Skills:
 - Level 7.0 Fighting
 - Level 4.0(7.2) Polearms
 + Level 9.4(9.8) Staves
 + Level 3.7 Armour
 - Level 8.2 Dodging
 + Level 5.0 Shields
 - Level 5.1 Spellcasting
 + Level 8.5 Conjurations
 + Level 1.4 Transmutations
 - Level 8.3 Earth Magic
 + Level 8.0 Invocations
 - Level 5.0 Evocations


You had 3 spell levels left.
You knew the following spells:

 Your Spells              Type           Power      Damage    Failure   Level
a - Stone Arrow           Conj/Erth      100%       3d13      2%          3
b - Petrify               Tmut/Erth      22%        N/A       36%         4
c - Apportation           Tloc           8%         N/A       30%         1
d - Iskenderun's Battles  Conj           52%        2d10      26%         5
e - Iron Shot             Conj/Erth      25%        9d5       82%         6

Your spell library contained the following spells:

 Spells                   Type           Power      Damage    Failure   Level
 Kiss of Death            Conj/Necr      100%       2d13      5%          1
 Necrotise                Necr           16%        1d4       30%         1
 Inner Flame              Hex/Fire       4%         N/A       65%         3
 Vampiric Draining        Necr           4%         2d6       65%         3
 Flame Wave               Conj/Fire      29%        2d9       45%         4
 Sticky Flame             Conj/Fire      29%        2d5       45%         4
 Cause Fear               Hex            2%         N/A       96%         4
 Alistair's Intoxication  Tmut/Pois      4%         N/A       99%         5
 Statue Form              Tmut/Erth      14%        N/A       99%         6
 Agony                    Necr           4%         N/A       100%        5
 Metabolic Englaciation   Hex/Ice        2%         N/A       100%        5
 Spellforged Servitor     Conj/Summ      14%        N/A       100%        7
 Discord                  Hex            2%         N/A       100%        8


Dungeon Overview and Level Annotations

Branches:
Dungeon (11/15)            Temple (1/1) D:6            Lair (4/5) D:11
 Shoals (0/4) Lair:2        Snake (0/4) Lair:2        Slime (0/5) Lair:4
    Orc (0/2) D:11        Ossuary (visited)

Altars:
Ashenzari
Cheibriados
Dithmenos
Elyvilon
Fedhas
Gozag
Hepliaklqana
Kikubaaqudgha
Makhleb
Nemelex Xobeh
Okawaru
Qazlal
Ru
Sif Muna
Trog
Uskayaw
Vehumet
Wu Jian
Xom
Yredelemnul
Zin
The Shining One
Lugonu

Shops:
D:5 ?

Annotations:
D:9 3 runed translucent doors, exclusion: orange crystal statue
Lair:3 exclusion: oklob plant


Message History

Aiming: Stone Arrow (mildly dangerous; 2% risk of failure)
Press: ? - help, Q - select action, (/) - cycle Shift-Dir - straight line, f - blink frog
Aim: a blink frog (61% to hit)
You feel a surge of power!
The stone arrow misses the blink frog.
The stone arrow hits the cane toad!!
The cane toad is heavily wounded.
The rime drake hisses angrily.
You block the blink frog's attack. You block the black mamba's attack.
The black mamba attacks as you move away!
The black mamba bites you!
You are poisoned.
The black mamba poisons you! The cane toad attacks as you move away!
You block the cane toad's attack.
You feel very sick.
The blink frog blinks!
You feel very sick.
The black mamba attacks as you move away!
The black mamba bites you but does no damage.
You feel very sick. You block the black mamba's attack.
The cane toad attacks as you move away!
The cane toad stings you but does no damage.
You feel sick.
The black mamba bites you but does no damage.
The black mamba closely misses you.
The blink frog blinks!
The rime drake breathes ice at you. The icy flash freeze hits you!
You are encased in ice.
The black mamba attacks as you move away!
The black mamba bites you!
You feel very sick.
The blink frog blinks!
The black mamba bites you! The cane toad completely misses you.
You barely miss the blink frog.
You feel sick. You block the black mamba's attack. The cane toad stings you!
* * * LOW HITPOINT WARNING * * *
The blink frog hits you!
* * * LOW HITPOINT WARNING * * *
The blink frog blinks!
The black mamba bites you!
You die...

...... ... .#.. ... ##. ..
#.. .## # #. .. ..+##
....##.. ##P .#
...###.....+...##.. . . ..P
#..#.......... ... #. #+#§#
#...# ..####.#
....#.##.#@###..## #.# ##.
.......#+FS#.....###.#####.
.....k.k........PP##...#...
...............PP..........
......§..F.........†.......
.....F.............†.......
.........>......†..........
...........................
...####.###........##......


You could see a black mamba, a cane toad, 2 blink frogs and a rime drake.

Vanquished Creatures
  3 hydras
  2 two-headed ogres
  Pikel (D:5)
  A cyclops (D:10)
  A manticore (Lair:2)
  2 cane toads
  2 unseen horrors
  4 black mambas
  3 kobold demonologists (D:11)
  A rime drake (Lair:3)
  8 komodo dragons
  A troll (D:11)
  6 blink frogs
  Sigmund (D:2)
  4 basilisks
  5 wyverns
  34 yaks
  Menkaure (D:6)
  A steam dragon (Lair:1)
  15 water moccasins
  2 orc warriors (D:11)
  A black bear (Lair:1)
  3 ice beasts
  7 centaurs
  An ogre (D:5)
  3 lemures (D:5)
  17 wolves
  3 kobold brigands (D:9)
  Blork the orc (D:4)
  15 bullfrogs
  2 necrophages
  An elf zombie (Ossuary)
  A gnoll sergeant (D:11)
  5 wights
  3 scorpions
  10 killer bees
  An electric eel (Lair:2)
  4 hounds (D:6)
  Crazy Yiuf (D:7)
  A human zombie (Ossuary)
  3 centaur zombies (Ossuary)
  4 orc priests
  6 jellies
  4 iguanas
  Terence (D:2)
  3 gnoll boudas (D:7)
  7 hell rats (Lair:1)
  6 orc wizards
  2 hound zombies (Ossuary)
  3 mummies (Ossuary)
  23 gnolls
  4 adders
  2 shadow imps
  2 white imps
  2 ufetubi
  7 adder zombies (Ossuary)
  5 worms
  5 dart slugs
  23 orcs
  6 endoplasms
  2 giant cockroaches
  6 goblins
  9 hobgoblins
  3 jackals (D:1)
  14 kobolds
  A quokka (D:4)
  3 ball pythons
  6 bats
  3 frilled lizards
  2 gnoll zombies (Ossuary)
  2 goblin zombies (Ossuary)
  5 hobgoblin zombies (Ossuary)
  A jackal zombie (Ossuary)
  3 kobold zombies (Ossuary)
  3 quokka zombies (Ossuary)
  6 rats
  4 rat zombies (Ossuary)
  A spectral orc (D:7)
370 creatures vanquished.

Vanquished Creatures (others)
  A wind drake (Lair:2)
  An orc wizard (D:3)
  7 demonic plants (D:11)
  51 fungi
  182 plants
242 creatures vanquished.

Grand Total: 612 creatures vanquished

Notes
Turn   | Place    | Note
-------+----------+-------------------------------------------
     0 | D:1      | Orangeyouglad the Human Wanderer began the quest for the
                  | Orb.
     0 | D:1      | Orangeyouglad set off with the following items: a +0
                  | trident, a piece from Xom's chessboard (15/15), a potion of
                  | brilliance, a +0 robe; and the following spell memorised:
                  | Kiss of Death; and the following spells available to
                  | memorise: Stone Arrow.
     0 | D:1      | Reached XP level 1. HP: 13/13 MP: 3/3
   112 | D:1      | Reached XP level 2. HP: 19/19 MP: 5/5
   369 | D:1      | Reached skill level 1 in Dodging
   369 | D:1      | Reached XP level 3. HP: 17/17 MP: 6/6
  1202 | D:2      | Reached XP level 4. HP: 20/27 MP: 7/7
  1273 | D:2      | Noticed Sigmund
  1450 | D:2      | Noticed Terence
  1456 | D:2      | Learned a level 3 spell: Stone Arrow
  1962 | D:3      | Found a shimmering blue altar of Sif Muna.
  1985 | D:3      | Reached XP level 5. HP: 28/35 MP: 9/9
  2174 | D:3      | Became a worshipper of Sif Muna the Loreminder
  2330 | D:3      | Reached skill level 1 in Earth Magic
  2717 | D:4      | Found a hide-covered altar of Uskayaw.
  2717 | D:4      | Found a sparkling altar of Nemelex Xobeh.
  2719 | D:4      | Found a hazy altar of Hepliaklqana.
  2719 | D:4      | Found a stormy altar of Qazlal.
  2719 | D:4      | Found a snail-covered altar of Cheibriados.
  2981 | D:4      | Noticed a water moccasin
  3203 | D:4      | Killed a water moccasin
  3204 | D:4      | Reached skill level 1 in Fighting
  3204 | D:4      | Reached XP level 6. HP: 6/29 MP: 10/10
  3302 | D:4      | Learned a level 1 spell: Apportation
  3640 | D:5      | Entered Level 5 of the Dungeon
  3713 | D:5      | Noticed an ogre
  3734 | D:5      | Found a sand-covered staircase.
  3738 | Ossuary  | Entered an ossuary
  3908 | Ossuary  | Reached * piety under Sif Muna
  4040 | Ossuary  | Reached skill level 1 in Staves
  4130 | Ossuary  | Reached XP level 7. HP: 22/41 MP: 11/11
  4691 | D:5      | Reached ** piety under Sif Muna
  4722 | D:5      | Reached skill level 2 in Staves
  5014 | D:2      | Killed Terence
  5168 | D:2      | Killed Sigmund
  5169 | D:2      | Reached skill level 5 in Conjurations
  5169 | D:2      | Reached XP level 8. HP: 57/57 MP: 6/12
  5533 | D:5      | Found Ufuanane's Magic Scroll Shop.
  5547 | D:5      | Bought a scroll of identify for 30 gold pieces
  5566 | D:5      | Noticed Pikel
  5707 | D:5      | Killed Pikel
  5708 | D:5      | Reached skill level 3 in Staves
  5899 | D:5      | Reached XP level 9. HP: 65/65 MP: 13/13
  6030 | D:5      | Noticed Blork the orc
  6053 | D:4      | Killed Blork the orc
  6172 | D:5      | Reached skill level 4 in Staves
  6413 | D:5      | Reached skill level 5 in Dodging
  7003 | D:6      | Found a staircase to the Ecumenical Temple.
  7015 | D:6      | Noticed Menkaure
  7112 | D:6      | Killed Menkaure
  7417 | D:6      | Reached skill level 5 in Earth Magic
  7988 | D:6      | Reached skill level 5 in Fighting
  8140 | Temple   | Entered the Ecumenical Temple
  8340 | D:7      | Reached *** piety under Sif Muna
  8491 | D:7      | Found a radiant altar of Vehumet.
  8883 | D:7      | Found a glowing silver altar of Zin.
  8883 | D:7      | Found a glowing golden altar of the Shining One.
  8884 | D:7      | Found a white marble altar of Elyvilon.
  8897 | D:7      | Reached skill level 5 in Staves
  8897 | D:7      | Reached XP level 10. HP: 74/74 MP: 14/14
  9019 | D:7      | Found a basalt altar of Yredelemnul.
  9992 | D:7      | Found a runed translucent door.
  9993 | D:7      | Noticed Crazy Yiuf
 10005 | D:7      | Killed Crazy Yiuf
 10938 | D:8      | Reached skill level 1 in Invocations
 11145 | D:8      | Reached skill level 6 in Staves
 11414 | D:8      | Noticed a two-headed ogre
 11419 | D:8      | Killed a two-headed ogre
 11573 | D:8      | Found a blossoming altar of Fedhas.
 11580 | D:8      | Reached **** piety under Sif Muna
 11816 | D:9      | Reached XP level 11. HP: 69/71 MP: 11/18
 12080 | D:9      | Reached skill level 5 in Spellcasting
 12149 | D:9      | Found a runed translucent door.
 12160 | D:9      | Found a runed translucent door.
 12581 | D:9      | Found a runed translucent door.
 12599 | D:9      | Found a runed translucent door.
 12963 | D:9      | Noticed an orange crystal statue
 13109 | D:10     | Entered Level 10 of the Dungeon
 13165 | D:10     | Noticed a two-headed ogre
 13171 | D:10     | Killed a two-headed ogre
 13315 | D:10     | Reached skill level 7 in Staves
 13512 | D:10     | Noticed a cyclops
 14178 | D:10     | Killed a cyclops
 14743 | D:11     | Found a corrupted altar of Lugonu.
 14841 | D:11     | Found a staircase to the Lair.
 15049 | D:11     | Reached skill level 5 in Invocations
 15119 | D:11     | Found a staircase to the Orcish Mines.
 15250 | D:11     | Reached XP level 12. HP: 68/86 MP: 2/19
 15603 | Lair:1   | Entered Level 1 of the Lair of Beasts
 16004 | Lair:1   | Reached skill level 1 in Shields
 16136 | Lair:1   | Reached skill level 8 in Staves
 16373 | Lair:1   | Reached ***** piety under Sif Muna
 16807 | Lair:1   | Reached skill level 5 in Evocations
 17329 | Lair:1   | Learned a level 5 spell: Iskenderun's Battlesphere
 17336 | Lair:1   | Learned a level 6 spell: Iron Shot
 17816 | Lair:2   | Identified the +2 ring mail of Ekkefilaust {Str+2 Int+3}
 18023 | Lair:2   | Noticed a six-headed hydra
 18027 | Lair:2   | Killed a six-headed hydra
 18062 | Lair:2   | Found a staircase to the Shoals.
 18130 | Lair:2   | Reached skill level 1 in Armour
 18490 | Lair:2   | Received a gift from Sif Muna
 18673 | Lair:2   | Found a staircase to the Snake Pit.
 19026 | Lair:2   | Reached XP level 13. HP: 94/94 MP: 18/20
 19487 | Lair:3   | Learned a level 4 spell: Petrify
 19740 | Lair:3   | Reached skill level 9 in Staves
 21236 | Lair:4   | Noticed a six-headed hydra
 21428 | Lair:4   | Killed a six-headed hydra
 21478 | Lair:4   | Found a staircase to the Slime Pits.
 21991 | Lair:4   | Noticed a six-headed hydra
 21996 | Lair:4   | Killed a six-headed hydra
 21997 | Lair:4   | Reached skill level 1 in Transmutations
 22039 | Lair:4   | Reached skill level 5 in Shields
 22200 | Lair:4   | Slain by a black mamba

Illustrated notes

Levels and vault maps discovered:
D:1:      erik_arrival_blinker_ship, layout_rooms, minmay_ruptured
D:2:      layout_loops_ring, roderic_serpentine_path, uniq_terence, uniq_sigmund
D:3:      layout_basic, led_sif_book, minmay_stone_trees_small
D:4:      layout_basic, grunt_temple_overflow_open, lemuel_flame_loot_1
D:5:      layout_rooms, nicolae_ossuary_entry_plus, serial_shops,
          nicolae_stop_n_shop_1, serial_aquarium, aquarium_bridge_straight
          [aquarium_subvault_bridge, aquarium_subvault_wall,
          aquarium_subvault_bridge, aquarium_subvault_window],
          aquarium_bridge_square [aquarium_subvault_bridge,
          aquarium_subvault_wall, aquarium_subvault_wall,
          aquarium_subvault_bridge], aquarium_window_fake,
          aquarium_window_corner, aquarium_window_fake, aquarium_view_2b,
          aquarium_view_2c, nicolae_underground_beach, uniq_pikel,
          uniq_blork_the_orc
D:6:      layout_loops_ring, minmay_temple_entry_waves,
          kennysheep_generic_room_14, uniq_menkaure
D:7:      layout_layer_cave, good_gods_temple_1,
          yredelemnul_forgotten_temple_becter, nicolae_overflow_crystal_walls,
          roderic_lattice_a, uniq_crazy_yiuf_cottage
D:8:      layout_rooms, fedhas_bush_and_centaur_altar, kennysheep_generic_room_3
D:9:      layout_long_grid, kennysheep_nub, minmay_statue_crystal_thing
D:10:     layout_irregular_city, grunt_decor_mini_mirrors
D:11:     kennysheep_kobold_lugonu_temple, layout_rooms, david_lair_shrubbed,
          orc_david_3, dreamdust_wishing_well
Temple:   hellmonk_temple_beads
Lair:1:   layout_hall_layers, serial_forest, infiniplex_forest_clump_curved,
          infiniplex_forest_clump_large, infiniplex_forest_straight_2,
          infiniplex_forest_lined_ring, infiniplex_forest_lined_corner,
          infiniplex_forest_straight_5, infiniplex_staircase_pool_2
Lair:2:   layout_chaotic_city, minmay_shoals_entry_beasts,
          minmay_snake_entry_six_corridors, serial_bayou, serial_bayou_lagoon_a,
          serial_bayou_crossing, serial_bayou_pond_b,
          chequers_serial_rivers_micro_b
Lair:3:   lemuel_slime, layout_cave_pods, serial_bayou_shore_b,
          grunt_megastairs_1, serial_bayou_shore_b
Lair:4:   layout_regular_city, nicolae_slime_entry_slimehenge

Skill      XL: |  1  2  3  4  5  6  7  8  9 10 11 12 13 |
---------------+----------------------------------------+-----
Dodging        | 1 2 3 4 5 6 8 |  8.2
Evocations     | 2 4 5 |  5.0
Earth Magic    | 1 2 3 4 5 6 8 |  8.3
Fighting       | 1 2 3 5 6 7 |  7.0
Spellcasting   | 3 4 5 |  5.1
Conjurations   | 4 5 6 7 8 |  8.5
Staves         | 1 2 3 5 6 7 8 9 |  9.4
Invocations    | 2 5 7 8 |  8.0
Shields        | 3 5 |  5.0
Armour         | 2 3 |  3.7
Transmutations | 1 |  1.4
Polearms       | |  4.0

Action                     |  1- 3 |  4- 6 |  7- 9 | 10-12 | 13-15 || total
---------------------------+-------+-------+-------+-------+-------++-------
  Melee: Trident           |    97 |    90 |       |       |       ||   187
         Punch             |     1 |     1 |       |     2 |       ||     4
         Quarterstaff      |       |    74 |   132 |    10 |       ||   216
         Staff             |       |       |       |   135 |    66 ||   201
  Throw: Dart              |     4 |     6 |       |       |       ||    10
         Throwing net      |       |     2 |       |       |       ||     2
   Cast: Kiss of Death     |     2 |     6 |       |       |       ||     8
         Apportation       |       |    18 |       |       |       ||    18
         Stone Arrow       |       |     2 |   112 |   327 |   100 ||   541
 Invoke: Channel Magic     |       |       |       |     2 |       ||     2
         Forget Spell      |       |       |       |       |     1 ||     1
  Evoke: Piece from Xom's  |       |     4 |     2 |       |       ||     6
         Wand              |       |       |       |    18 |     5 ||    23
    Use: Scroll            |       |     6 |     4 |     9 |     5 ||    24
         Potion            |       |       |     3 |       |       ||     3
   Stab: Sleeping          |     4 |     2 |     1 |       |       ||     7
         Invisible         |       |       |       |     2 |       ||     2
 Armour: Robe              |    18 |    44 |    21 |    52 |       ||   135
         Ring mail         |       |       |       |     3 |    19 ||    22
         Skin              |       |       |       |     1 |       ||     1
  Dodge: Dodged            |    48 |   105 |   121 |   193 |    46 ||   513
  Block: Buckler           |       |       |       |    27 |    62 ||    89

Table legend: (Time is in decaauts)
 A = Elapsed time spent in this place.
 B = Non-inter-level travel time spent in this place.
 C = Inter-level travel time spent in this place.
 D = Time resting spent in this place.
 E = Time spent auto-exploring this place.
 F = Levels seen in this place.
 G = Mean time per level.
                   A        B        C        D        E       F      G
               +--------+--------+--------+--------+--------+-----+--------+
         Total |  22250 |  20903 |   1347 |   4357 |  11563 |  17 | 1308.8 |
       Dungeon |  14962 |  13840 |   1122 |   2523 |   8184 |  11 | 1360.2 |
        Temple |    107 |     95 |     12 |      0 |     84 |   1 |  107.0 |
          Lair |   6313 |   6100 |    213 |   1527 |   3292 |   4 | 1578.2 |
       Ossuary |    866 |    866 |      0 |    307 |      2 |   1 |  866.0 |
               +--------+--------+--------+--------+--------+-----+--------+

Top non-repeatable levels by time:
     D:7: 2248 daAuts
  Lair:1: 1828 daAuts
  Lair:3: 1778 daAuts
  Lair:2: 1768 daAuts
     D:5: 1523 daAuts
    D:10: 1455 daAuts
     D:9: 1367 daAuts
     D:4: 1357 daAuts
    D:11: 1321 daAuts
     D:6: 1311 daAuts
     D:3: 1255 daAuts
     D:2: 1234 daAuts
     D:8: 1107 daAuts
  Lair:4: 939 daAuts
 Ossuary: 866 daAuts
